 Dungeon Crawl Stone Soup version 0.19.1-1-g22dce08 (webtiles) character file.

72 theAP the Skirmisher (level 4, 0/29 HPs)
             Began as a Gargoyle Fighter on Jan 3, 2017.
             Slain by a hobgoblin (3 damage)
             ... on level 2 of the Dungeon.
             The game lasted 00:02:42 (1132 turns).

theAP the Skirmisher (Gargoyle Fighter)             Turns: 1132, Time: 00:02:43

Health: 0/29       AC: 10    Str: 21    XL:     4   Next: 25%
Magic:  4/4        EV:  7    Int:  8    God:
Gold:   52         SH:  9    Dex:  9    Spells: 0 memorised, 3 levels left

rFire  . . .     SeeInvis .     a - +1 flail
rCold  . . .     Gourm    .     b - +0 scale mail
rNeg   + . .     Faith    .     c - +0 shield
rPois  ∞         Spirit   .     (no helmet)
rElec  +         Reflect  .     (no cloak)
rCorr  .         Harm     .     (no gloves)
MR     .....                    (no boots)
Stlth  ..........               (no amulet)
                                (no ring)
                                (no ring)

@: no status effects
A: negative energy resistance 1, electricity resistance, unbreathing,
petrification resistance, rot immunity, AC +3
a: no special abilities


You were on level 2 of the Dungeon.
You were very hungry.

You visited 1 branch of the dungeon, and saw 2 of its levels.

You collected 52 gold pieces.

Inventory:

Hand Weapons
 a - a +1 flail (weapon)
 l - a cursed -1 halberd
Armour
 b - a +0 scale mail (worn)
 c - a +0 shield (worn)
Scrolls
 j - a scroll of enchant armour {unknown}
 m - 2 scrolls of random uselessness {unknown}
Potions
 d - a potion of might
 e - a potion of cancellation {unknown}
 h - a potion of invisibility {unknown}
 k - a potion of flight {unknown}
Comestibles
 f - a bread ration
 g - a slice of pizza
 i - 4 fruits


   Skills:
 + Level 4.1 Fighting
 * Level 3.6 Maces & Flails
 - Level 3.4 Armour
 - Level 3.2 Shields


You had 3 spell levels left.
You didn't know any spells.

Dungeon Overview and Level Annotations

Branches:
Dungeon (2/15)

Altars:


Innate Abilities, Weirdness & Mutations

You are resistant to torment.
Your stone body is resilient. (AC +3)
You are immune to poison.
You resist negative energy. (rN+)
You are resistant to electric shocks. (rElec)
You can survive without breathing.
You are immune to petrification.
You are immune to rotting.


Message History

* * * LOW HITPOINT WARNING * * *
The gnoll barely misses you.
You are too injured to fight recklessly!
You are too injured to fight recklessly!
You are too injured to fight recklessly!
You are too injured to fight recklessly!
You are too injured to fight recklessly!
You sock the gnoll!
The gnoll is almost dead.
You block the frilled lizard's attack. The gnoll hits you with a spear.
* * * LOW HITPOINT WARNING * * *
The frilled lizard bites you but does no damage.
The gnoll closely misses you.
You sock the gnoll!
You kill the gnoll!
You block the frilled lizard's attack. The gnoll hits you but does no damage.
The hobgoblin hits you but does no damage.
The gnoll hits you but does no damage.
You closely miss the hobgoblin. The hobgoblin hits you.
You die...

....... ........
........
........
##........
#<.)..... .#.
#.)......
.....#l#.######
.....ggg@.......
#.#....##.####.#
#.... .# ......
.# ....... .#
....##. .# ....
#. .# .#


You could see 2 gnolls, a hobgoblin and a frilled lizard.

Vanquished Creatures
  3 gnolls
  An adder (D:2)
  An ooze (D:1)
  A leopard gecko (D:1)
  A giant cockroach (D:1)
  4 goblins (D:1)
  2 hobgoblins (D:1)
  8 bats (D:1)
  3 frilled lizards (D:1)
  4 kobolds (D:1)
  3 rats (D:1)
31 creatures vanquished.

Notes
Turn   | Place    | Note
-------+----------+-------------------------------------------
     0 | D:1      | theAP the Gargoyle Fighter began the quest for the Orb.
     0 | D:1      | Reached XP level 1. HP: 14/14 MP: 1/1
    78 | D:1      | Reached XP level 2. HP: 15/19 MP: 2/2
   422 | D:1      | Reached XP level 3. HP: 2/24 MP: 3/3
  1127 | D:2      | Reached skill level 4 in Fighting
  1127 | D:2      | Reached XP level 4. HP: 9/29 MP: 4/4
  1132 | D:2      | Slain by a hobgoblin

Skill      XL: |  1  2  3 |
---------------+----------+-----
Maces & Flails | 3 |  3.6
Fighting       | 4 |  4.1
Armour         | |  3.4
Shields        | |  3.2

Action                   |  1- 3 |  4- 6 || total
-------------------------+-------+-------++-------
Melee: Flail             |   148 |     3 ||   151
  Use: Scroll            |     3 |       ||     3
Armor: Scale mail        |   118 |     6 ||   124
Dodge: Dodged            |    63 |     2 ||    65
Block: Shield            |    98 |     4 ||   102
